 Dungeon Sprint DCSS version 0.29.1-15-g9cfb28693d (webtiles) character file.

Game seed: 4807932126341036743

1393 BigDaddyOpFi the Grappler (level 8, 0/81 (92) HPs)
             Began as a Troll Fighter on Feb 27, 2023.
             Was a Believer of Wu Jian.
             Slain by a +2 battleaxe of draining (9 damage)
             ... in the Dungeon (Sprint V: "Ziggurat Sprint").
             The game lasted 00:01:49 (279 turns).

BigDaddyOpFi the Grappler (Troll Fighter)            Turns: 279, Time: 00:01:49

HP:   0/81 (92)     AC: 19    Str: 39    XL:     8   Next: 41%
MP:   7/7           EV:  3    Int:  4    God:    Wu Jian [**....]
Gold: 0             SH: 13    Dex:  9    Spells: 7/7 levels left

rFire   + . .      SeeInvis .     - Unarmed
rCold   + . .      Faith    .   a - +3 kite shield
rNeg    . . .      Spirit   .   C - +5 gold dragon scales
rPois   +          Reflect  .   (helmet restricted)
rElec   .          Harm     .   (no cloak)
rCorr   .          Rampage  .   (gloves unavailable)
Will    .....      NoTele   +   (boots unavailable)
Stlth   ..........              (no amulet)
HPRegen 1.03/turn               z - +6 ring of strength
MPRegen 0.10/turn               A - +6 ring of strength

@: heavily drained
A: large, unfitting armour, claws 3, regeneration 1, shaggy fur 1, tough skin 1
a: Renounce Religion, Wall Jump


You were in the Dungeon.
You worshipped Wu Jian.
Wu Jian was pleased with you.
You visited 1 branch

Inventory:

Armour
 a - a +3 kite shield (worn)
 b - a +0 kite shield
 C - +5 gold dragon scales (worn)
 D - a +3 tower shield
Jewellery
 u - a ring of flight
 v - a +6 ring of dexterity
 w - a +6 ring of dexterity
 x - a +6 ring of intelligence
 y - a +6 ring of intelligence
 z - a +6 ring of strength (left claw)
 A - a +6 ring of strength (right claw)
Wands
 r - a wand of mindburst (7)
 s - a wand of iceblast (5) (quivered)
 t - a wand of quicksilver (7)
Scrolls
 i - 4 scrolls of blinking
 m - a scroll of brand weapon
 n - 4 scrolls of amnesia
 o - 7 scrolls of fog
 p - 5 scrolls of identify
 q - 2 scrolls of fear
Potions
 c - 5 potions of might
 d - 10 potions of curing
 e - 7 potions of heal wounds
 f - 6 potions of haste
 g - 7 potions of magic
 h - 3 potions of berserk rage
 j - 2 potions of brilliance
 k - 2 potions of invisibility
 l - 3 potions of resistance
Miscellaneous
 B - a lightning rod (4/4)
 E - a condenser vane
 F - a phantom mirror


   Skills:
 + Level 9.6 Fighting
 - Level 2.4 Dodging
 + Level 10.5 Shields
 + Level 11.2 Unarmed Combat


You had 7 spell levels left.
You didn't know any spells.
Your spell library contained the following spells:

 Spells                   Type           Power      Damage    Failure   Level
 Magic Dart               Conj           0%         1d3       100%        1
 Searing Ray              Conj           0%         2d4       100%        2
 Fulminant Prism          Conj/Hex       0%         3d6       100%        4


Dungeon Overview and Level Annotations

Branches:
Dungeon (1/1)

Altars:
Ashenzari
Cheibriados
Dithmenos
Elyvilon
Fedhas
Gozag
Hepliaklqana
Kikubaaqudgha
Makhleb
Nemelex Xobeh
Okawaru
Qazlal
Ru
Sif Muna
Trog
Uskayaw
Vehumet
Wu Jian
Xom
Yredelemnul
Zin
The Shining One
Jiyva
Lugonu

Annotations:
D 1 transporter


Innate Abilities, Weirdness & Mutations

You are too large for most types of armour.
You have claws for hands.
Your natural rate of healing is unusually fast.
You are covered in fur. (AC +1)
You have tough skin. (AC +1)


Message History

You add the spells Magic Dart, Searing Ray and Fulminant Prism to your library.
You see here a phantom mirror.
You see here a phantom mirror.
F - a phantom mirror
There is a transporter here.
Welcome to arena 3.
You enter the transporter and appear at another place.
A shadow imp, an iron imp, a +2 battleaxe of draining and a crimson imp come into view.
The shadow imp shouts, "Get thee gone, thou skyhacking mumble-news tiler!"
The iron imp shouts!
Found four items.
Found a transporter.
Unknown command.
You mangle the crimson imp!!
You kill the crimson imp!
The Council accepts your kill.
The +2 battleaxe of draining barely misses you.
You barely miss the shadow imp.
The shadow imp hits you but does no damage.
You block the +2 battleaxe of draining's attack.
You barely miss the shadow imp. You block the shadow imp's attack.
You block the +2 battleaxe of draining's attack.
You scratch the shadow imp.
The shadow imp is heavily wounded.
You block the shadow imp's attack. The +2 battleaxe of draining hits you!!
You feel drained. You block the iron imp's attack.
You claw the shadow imp!
You kill the shadow imp!
The Council accepts your kill.
You block the +2 battleaxe of draining's attack.
The iron imp summons a swarm of flies.
You block the iron imp's attack.
You mangle the +2 battleaxe of draining!!
The +2 battleaxe of draining is severely damaged.
The +2 battleaxe of draining hits you!!
You feel drained.
You scratch the +2 battleaxe of draining but do no damage.
The +2 battleaxe of draining is severely damaged.
The +2 battleaxe of draining hits you!!
* * * LOW HITPOINT WARNING * * *
You feel drained.
You die...

▓▓▓▓▓▓▓▓▓▓▓▓▓▓▓▓▓▓▓
▓.8©8.▓.8©8.▓.8©8.▓
▓.}):.▓...).▓.....▓
▓..)..▓.....▓.....▓
▓.....▓.....▓.....▓
▓.5.(.▓.....▓.....▓
▓..@..▓.....▓..©..▓
▓..©..▓..©..▓▓▓▓▓▓▓
▓▓▓▓▓▓▓▓▓▓▓▓▓


You could see an iron imp and a +2 battleaxe of draining.

Vanquished Creatures
  3 toenail golems (D)
  A slime creature (D)
  A golden eye (D)
  A crimson imp (D)
  A shadow imp (D)
7 creatures vanquished.

Notes
Turn   | Place    | Note
-------+----------+-------------------------------------------
     0 | D        | BigDaddyOpFi the Troll Fighter began the quest for the Orb.
     0 | D        | Reached XP level 1. HP: 22/22 MP: 0/0
     0 | D        | Found a shimmering blue altar of Sif Muna.
     0 | D        | Found a bloodstained altar of Trog.
     0 | D        | Found a sacrificial altar of Ru.
     0 | D        | Found a stormy altar of Qazlal.
     0 | D        | Found an iron altar of Okawaru.
     1 | D        | Found a sparkling altar of Nemelex Xobeh.
     1 | D        | Found a blossoming altar of Fedhas.
     1 | D        | Found the +6 Majin-Bo {vamp, MP+6 Int+6}
     1 | D        | Found the +9 heavy crossbow "Sniper" {vorpal, Acc+∞ SInv}
     1 | D        | Found the +10 dark maul {vorpal}
     1 | D        | Found the +15 Maxwell's patent armour {-Cast -Tele rElec
                  | Will+ rCorr}
     1 | D        | Found the +18 shield of the Gong {rElec rN+ Will+ EV-5}
     1 | D        | Found the +14 obsidian axe {vorpal, Mesm Drain Fly SInv}
     1 | D        | Found the +7 great mace "Firestarter" {inner flame, rF++}
     1 | D        | Found the +6 shillelagh "Devastator" {shatter}
     1 | D        | Found the +11 plutonium sword {Contam Stlth-}
     1 | D        | Found the +8 lance "Wyrmbane" {slay drac, rPois rF+ rC+
                  | AC+3}
     1 | D        | Found the +9 sword of Zonguldrok {reap}
     1 | D        | Found the +13 scythe of Curses {drain, Drain}
     1 | D        | Found the +5 sword of Power {vorpal}
     1 | D        | Found the +7 mace of Variability {chain chaos}
     1 | D        | Found the +7 Singing Sword {vorpal, sonic wave}
     1 | D        | Found the +8 storm bow {elec, penet}
     3 | D        | Found a transporter.
     3 | D        | Found an ancient bone altar of Kikubaaqudgha.
     3 | D        | Found a viscous altar of Jiyva.
     3 | D        | Found a corrupted altar of Lugonu.
     3 | D        | Found a hazy altar of Hepliaklqana.
     3 | D        | Found a burning altar of Makhleb.
     3 | D        | Found an opulent altar of Gozag.
    10 | D        | Became a worshipper of the Wu Jian Council
    85 | D        | Reached skill level 4 in Unarmed Combat
    85 | D        | Reached XP level 2. HP: 32/32 MP: 1/1
    90 | D        | Entered arena 2.
    90 | D        | Noticed a slime creature
    90 | D        | Noticed a golden eye
    90 | D        | Found a transporter.
   104 | D        | Killed a golden eye
   105 | D        | Reached skill level 6 in Unarmed Combat
   105 | D        | Reached XP level 3. HP: 40/44 MP: 2/2
   105 | D        | Reached XP level 4. HP: 47/52 MP: 3/3
   105 | D        | Reached XP level 5. HP: 53/59 MP: 4/4
   122 | D        | Killed a slime creature
   123 | D        | Reached skill level 8 in Unarmed Combat
   123 | D        | Reached XP level 6. HP: 44/71 MP: 5/5
   188 | D        | Entered arena 3.
   188 | D        | Noticed a toenail golem
   188 | D        | Noticed a toenail golem
   188 | D        | Noticed a toenail golem
   188 | D        | Found a transporter.
   194 | D        | Killed a toenail golem
   194 | D        | Reached * piety under Wu Jian
   195 | D        | Reached skill level 9 in Unarmed Combat
   195 | D        | Reached XP level 7. HP: 71/81 MP: 6/6
   203 | D        | Killed a toenail golem
   204 | D        | Reached skill level 10 in Unarmed Combat
   204 | D        | Reached XP level 8. HP: 75/92 MP: 7/7
   209 | D        | Killed a toenail golem
   209 | D        | Reached ** piety under Wu Jian
   210 | D        | Reached skill level 10 in Shields
   210 | D        | Reached skill level 11 in Unarmed Combat
   271 | D        | Entered arena 4.
   271 | D        | Noticed a +2 battleaxe of draining
   271 | D        | Found a transporter.
   279 | D        | Slain by a +2 battleaxe of draining

Illustrated notes

Levels and vault maps discovered:
D:        sprint_v [room_start, room_1, room_2, room_3, room_4, room_5, room_6,
          room_7, room_8, room_9, room_10, room_11, room_12, room_13, room_14,
          room_15, room_16, room_17, room_18, room_19, room_20, room_21,
          room_22, room_23, room_24, room_25, room_26, room_27]

Skill      XL: |  1  2  3  4  5  6  7  8 |
---------------+-------------------------+-----
Fighting       | 4 6 7 8 9 |  9.6
Shields        | 4 6 7 9 10 | 10.5
Unarmed Combat | 4 6 8 9 10 11 | 11.2
Dodging        | |  2.4

Action                   |  1- 3 |  4- 6 |  7- 9 || total
-------------------------+-------+-------+-------++-------
Melee: Unarmed           |     4 |    12 |    22 ||    38
Evoke: Wand              |       |     2 |       ||     2
  Use: Potion            |     4 |     2 |       ||     6
Armor: Gold dragon scale |     5 |    10 |     7 ||    22
Dodge: Dodged            |       |     1 |     1 ||     2
Block: Kite shield       |       |     2 |    16 ||    18
